 Dungeon Crawl Stone Soup version 0.30.0-5-g1a98f26d00 (webtiles) character file.

Game seed: 3127397685186225307

16 GigaChad the Shield-Bearer (level 2, 0/24 HPs)
             Began as a Formicid Fighter on May 12, 2023.
             Slain by an adder (2 damage)
             ... on level 2 of the Dungeon.
             The game lasted 00:00:57 (735 turns).

GigaChad the Shield-Bearer (Formicid Fighter)        Turns: 735, Time: 00:00:58

Health: 0/24       AC:  6    Str: 20    XL:     2   Next: 70%
Magic:  2/2        EV:  9    Int:  7    God:
Gold:   3          SH:  5    Dex: 13    Spells: 1/1 levels left

rFire   . . .        a - +0 broad axe
rCold   . . .        c - +0 buckler
rNeg    . . .        b - +0 scale mail
rPois   .            (helmet unavailable)
rElec   .            (no cloak)
rCorr   .            (no gloves)
SInv    +            (no boots)
Will    .....        (no amulet) Stlth
                     (no ring)
HPRegen 0.24/turn    (no ring)
MPRegen 0.08/turn

%: no passive effects
@: lethally poisoned (0 -> -1)
A: permanent stasis, dig shafts and tunnels, antennae 3, four strong arms
a: Dig, Shaft Self


You were on level 2 of the Dungeon.
You visited 1 branch of the dungeon, and saw 2 of its levels.

You collected 3 gold pieces.

Inventory:

Hand Weapons
 a - a +0 broad axe (weapon)
Armour
 b - a +0 scale mail (worn)
 c - a +0 buckler (worn)
Jewellery
 g - a ring of fire
Scrolls
 h - a scroll of enchant weapon {unknown}
 i - a scroll of vulnerability {unknown}
 j - a scroll of fear {unknown}
Potions
 d - a potion of might
 e - a potion of curing {unknown}
 f - a potion of heal wounds {unknown}


   Skills:
 * Level 3.5 Fighting
 * Level 2.1 Axes
 * Level 3.6 Armour
 * Level 4.2 Shields


You had one spell level left.
You didn't know any spells.
Your spell library was empty.

Dungeon Overview and Level Annotations

Branches:
Dungeon (1/15)

Altars:

Annotations:
D:1 1 transporter


Innate Abilities, Weirdness & Mutations

You cannot be hasted, slowed, berserked, paralysed or teleported.
You can dig through walls and to a lower floor.
You have a pair of large antennae on your head. (SInv)
Your four strong arms can wield two-handed weapons with a shield.


Message History

You are too injured to fight recklessly!
You closely miss the jackal.
The jackal is almost dead.
You hit the jackal but do no damage. The jackal bites you.
The jackal bites you but does no damage.
The jackal closely misses you. The jackal bites you.
* * * LOW HITPOINT WARNING * * *
The jackal barely misses you.
You hit the jackal.
The jackal is almost dead.
You hit the jackal.
You kill the jackal!
You block the jackal's attack. The adder bites you but does no damage.
You block the jackal's attack.
Unknown command.
Unknown command.
Unknown command.
You closely miss the jackal.
The jackal is severely wounded.
You miss the adder.
The jackal bites you but does no damage.
The adder bites you.
* * * LOW HITPOINT WARNING * * *
The jackal barely misses you. You block the adder's attack.
Unknown command.
You closely miss the adder. You barely miss the jackal.
The jackal barely misses you. The adder bites you.
* * * LOW HITPOINT WARNING * * *
You are poisoned.
The adder poisons you!
The jackal bites you but does no damage.
The adder closely misses you.
You miss the adder. You closely miss the jackal.
* * * LOW HITPOINT WARNING * * *
You feel sick. The jackal barely misses you. The adder closely misses you.
The jackal closely misses you.
You closely miss the adder. You hit the jackal but do no damage.
* * * LOW HITPOINT WARNING * * *
You feel sick. The adder bites you.
You die...

# #.####...#..# #.#+#
#.#
#...##[..#..####...
#.#
###.##...#..#....#.
#..#...#..#.#
##.#####....#
#.#####..###....#
...............######
#....................
........>..##@S...$..
##########..#h##...##
#..#.# .)# #..#.# .
#..#.# #..#.# #..#.#
#..#.# #..#


You could see an adder and a jackal.

Vanquished Creatures
  4 bats (D:1)
  An endoplasm (D:1)
  A giant cockroach (D:1)
  A goblin (D:2)
  3 jackals (D:2)
  3 kobolds (D:1)
  A rat (D:1)
14 creatures vanquished.

Notes
Turn   | Place    | Note
-------+----------+-------------------------------------------
     0 | D:1      | GigaChad the Formicid Fighter began the quest for the Orb.
     0 | D:1      | Reached XP level 1. HP: 18/18 MP: 1/1
   345 | D:1      | Reached XP level 2. HP: 24/24 MP: 2/2
   596 | D:1      | You fall into a shaft and drop 1 floor!
   688 | D:2      | Identified the +3 ring mail of Light {Harm Dex+4}
   735 | D:2      | Slain by an adder

Illustrated notes

Levels and vault maps discovered:
D:1:      spicycebolla_arrival_risky_transporter, layout_loops_ring, hex_medium
D:2:      layout_basic, hangedman_decor_push

Action                     || total
---------------------------++-------
  Melee: Broad axe         ||    47
         War axe           ||     1
 Armour: Scale mail        ||    32
  Dodge: Dodged            ||    41
  Block: Buckler           ||    21
